 Dungeon Crawl Stone Soup version 0.31-a0-819-gf6de2f5ab6 (webtiles) character file.

Game seed: 4916801981416322813

67 qw the Shooter (level 4, -3/28 HPs)
             Began as a Gargoyle Hunter on Sept 23, 2023.
             Slain by a gnoll
             ... wielding a +0 spear
              (5 damage)
             ... on level 2 of the Dungeon.
             The game lasted 00:00:32 (920 turns).

qw the Shooter (Gargoyle Hunter)                     Turns: 920, Time: 00:00:32

Health: -3/28      AC:  8    Str: 14    XL:     4   Next: 18%
Magic:  4/4        EV: 10    Int: 10    God:
Gold:   166        SH:  0    Dex: 15    Spells: 3/3 levels left

rFire   . . .        Y - +0 shortbow
rCold   . . .        (shield currently unavailable)
rNeg    + . .        k - +0 ring mail
rPois   inf          (no helmet)
rElec   +            (no cloak)
rCorr   .            (no gloves)
SInv    .            (no boots)
Will    .....        (no amulet)
Stlth   +            (no ring)
HPRegen 0.24/turn    (no ring)
MPRegen 0.09/turn

%: no passive effects
@: no status effects
A: sickness immunity, AC +3, negative energy resistance 1, electricity
resistance, torment resistance 1, petrification resistance
a: no special abilities


You were on level 2 of the Dungeon.
You visited 1 branch of the dungeon, and saw 2 of its levels.

You collected 166 gold pieces.


Innate Abilities, Weirdness & Mutations

You are immune to sickness and miasma.
Your stone body is resilient. (AC +3)
You are immune to poison.
You resist negative energy. (rN+)
You are resistant to electric shocks. (rElec)
You are resistant to unholy torment.
You are immune to petrification.


   Skills:
 - Level 3.1 Fighting
 + Level 5.0 Ranged Weapons
 - Level 1.0 Armour
 - Level 1.5 Dodging
 - Level 1.1 Stealth


You had 3 spell levels left.
You didn't know any spells.
Your spell library was empty.

Inventory:

Hand Weapons
 Y - a +0 shortbow (weapon)
Armour
 k - a +0 ring mail (worn)
Jewellery
 a - a +4 ring of protection
Scrolls
 c - a scroll of teleportation {unknown}
Potions
 b - a potion of lignification {unknown}
 d - a potion of curing {unknown}

Dungeon Overview and Level Annotations

Branches:
Dungeon (2/15)

Altars:
The Shining One


Message History

You shoot an arrow. The arrow hits the gnoll.
The gnoll is severely wounded.
The gnoll throws a stone.
The stone closely misses you.
Enter note:
Enter note:
911 |||
Found retreat position at -3,3 (floor) with 0 blocking monsters and 2 monsters attacking at destination at distance 4
911 ||| STILL RETREEAATING.
You shoot an arrow. The arrow hits the gnoll!
You kill the gnoll!
You have reached level 4!
You feel clever.
You shoot an arrow. The arrow closely misses the gnoll.
The gnoll barely misses you.
You shoot an arrow. The arrow hits the gnoll!
The gnoll is severely wounded.
The gnoll closely misses you.
You shoot an arrow.
The arrow hits the gnoll but does no damage.
The gnoll is severely wounded.
The gnoll hits you but does no damage. x2
You shoot an arrow. The arrow hits the gnoll.
The gnoll is severely wounded.
The gnoll hits you but does no damage.
The gnoll hits you from afar with a +0 spear.
You shoot an arrow. The arrow closely misses the gnoll.
The gnoll hits you from afar with a +0 spear.
The gnoll hits you but does no damage. x2
The gnoll hits you from afar with a +0 spear.
You shoot an arrow.
The arrow hits the gnoll but does no damage.
The gnoll is severely wounded.
The gnoll hits you but does no damage.
The gnoll hits you from afar with a +0 spear!
You shoot an arrow. The arrow hits the gnoll.
You kill the gnoll!
The gnoll hits you from afar with a +0 spear!
Your Fighting skill increases to level 3!
You shoot an arrow. The arrow hits the gnoll.
The gnoll is lightly wounded.
The gnoll hits you from afar with a +0 spear.
You die...

........##..####...#####
....%..g#...#.....##
.#....g.....#....## ###
............#.#.#######..
...###................#..
.## ####)......#####....
#)g.....# ###..
##.......# ###..
#@.......# #....
####........#####.##'
##...............%.#..
##..###.......#####.#..
#.............# #.#..
#.#####.......## #.#..
### #........####.#..
########...##.#..
###.##.#..


You could see a gnoll.

Vanquished Creatures
  2 gnolls (D:2)
  An adder (D:2)
  A dart slug (D:1)
  3 ball pythons (D:1)
  2 bats
  2 endoplasms (D:1)
  2 giant cockroaches
  3 goblins
  2 hobgoblins
  3 jackals (D:1)
  4 quokkas
  4 frilled lizards (D:1)
  3 kobolds (D:1)
  2 rats
34 creatures vanquished.

Notes
Turn   | Place    | Note
-------+----------+-------------------------------------------
     0 | D:1      | qw the Gargoyle Hunter began the quest for the Orb.
     0 | D:1      | Reached XP level 1. HP: 12/12 MP: 1/1
     0 | D:1      | 0 ||| qw: Version: 0.3-a-83-gcd0e7d8
     0 | D:1      | 0 ||| qw: Game counter: 1525
     0 | D:1      | 0 ||| qw: Melee chars always use a shield: true
     0 | D:1      | 0 ||| qw: God list: Okawaru
     0 | D:1      | 0 ||| qw: Allow faded altars: false
     0 | D:1      | 0 ||| qw: Do Orc after clearing Dungeon:15 true
     0 | D:1      | 0 ||| qw: Do second Lair branch before Depths: true
     0 | D:1      | 0 ||| qw: Lair rune preference: random
     0 | D:1      | 0 ||| qw: Goals: Normal
     0 | D:1      | 0 ||| PLANNING D:1-11
    81 | D:1      | Found a faded altar of an unknown god.
   104 | D:1      | Reached XP level 2. HP: 17/17 MP: 2/2
   270 | D:1      | Reached XP level 3. HP: 20/21 MP: 3/3
   543 | D:1      | Reached skill level 5 in Ranged Weapons
   559 | D:1      | 559 ||| UPGRADING to +0 ring mail.
   569 | D:1      | 569 ||| DROPPING +0 leather armour.
   570 | D:1      | 570 ||| DROPPING ring of flight.
   571 | D:1      | 571 ||| READING scroll labelled ADWIGH BOWYDD.
   572 | D:1      | 572 ||| READING scroll labelled IVAZUG GATUJE.
   573 | D:1      | 573 ||| READING scroll labelled REILAU MYCZI.
   574 | D:1      | 574 ||| READING scroll labelled SAMYSK NURI.
   589 | D:1      | 589 ||| READING scroll labelled ECUAS TAEGHU.
   590 | D:1      | 590 ||| READING scroll labelled QUMYACH PIDEU.
   691 | D:1      | 691 ||| READING scroll labelled COACIOGRIMAI.
   692 | D:1      | 692 ||| DROPPING scroll of butterflies.
   728 | D:2      | Reached skill level 1 in Armour
   761 | D:2      | Found a glowing golden altar of the Shining One.
   909 | D:2      | 909 ||| RETREEAATING.
   911 | D:2      | 911 ||| STILL RETREEAATING.
   913 | D:2      | Reached XP level 4. HP: 27/27 MP: 4/4
   919 | D:2      | HP: 1/27 [gnoll/+0 spear (7)]
   920 | D:2      | Reached skill level 3 in Fighting
   920 | D:2      | Slain by a gnoll

Levels and vault maps discovered:
D:1:      lightli_arrival_statue_moat, layout_basic,
          dreamdust_ecumenical_altar_grove,
          wander_ebering_terrifying_dragon_lair
D:2:      layout_rooms, basic_altar, minivault_25, uniq_crazy_yiuf_cottage

Skill      XL: |  1  2  3  4 |
---------------+-------------+-----
Ranged Weapons | 5 |  5.0
Armour         | 1 |  1.0
Fighting       | 3 |  3.1
Dodging        | |  1.5
Stealth        | |  1.1

Action                     |  1- 3 |  4- 6 || total
---------------------------+-------+-------++-------
   Fire: Shortbow          |   108 |     8 ||   116
    Use: Scroll            |     7 |       ||     7
 Armour: Leather armour    |    28 |       ||    28
         Ring mail         |     1 |    12 ||    13
  Dodge: Dodged            |    24 |     2 ||    26

Table legend:
 A = Non-vault XP
 B = Vault XP
 C = Vault XP percentage of total XP
 D = Non-vault monster count
 E = Vault monster count
 F = Vault count percentage of total count
                 A         B        C        D         E       F
            +---------+---------+-------+---------+---------+-------
      Total |      96 |       1 |   1.0 |      33 |       1 |   2.9
            +---------+---------+-------+---------+---------+-------
        D:1 |      43 |       1 |   2.3 |      24 |       1 |   4.0
        D:2 |      53 |       0 |   0.0 |       9 |       0 |   0.0
            +---------+---------+-------+---------+---------+-------
